 Dungeon Crawl Stone Soup version bcrawl-1.37.2 (webtiles) character file.

Game seed: 599501359814442751

292951 Mehrunes the Thaumaturge (level 11, -5/87 HPs)
             Began as a Mummy Fire Elementalist on Nov 6, 2022.
             Was a Believer of Vehumet.
             Slain by a blink frog (13 damage)
             ... on level 1 of the Lair of Beasts.
             The game lasted 00:23:23 (11886 turns).

Mehrunes the Thaumaturge (Mummy Fire Elementalist) Turns: 11886, Time: 00:23:23

Health: -5/87      AC:  5    Str: 13    XL:     11   Next: 15%
Magic:  27/33      EV: 13    Int: 17    God:    Vehumet [**....]
Gold:   624        SH:  0    Dex: 12    Spells: 11/28 levels left

rFire    x . .     GDR:     24% b - +1 dagger (venom)
rCold    + . .     SeeInvis +   (no shield)
rNeg     + + +     Gourm    .   v - +0 troll leather armour
rPois    ∞         Faith    .   h - +1 hat
rElec    .         Spirit   .   (no cloak)
rCorr    .         Reflect  .   (no gloves)
MR       ++...     Clarity  +   (no boots)
Stlth    ++........             z - amulet "Xoroc" {Inacc SInv}
HPRegen  0.64/turn              l - ring of magical power
MPRegen  0.23/turn              s - ring of protection from magic

@: no status effects
A: no food or potions, fire vulnerability, clarity, cold resistance 1, negative
energy resistance 3, torment resistance, unbreathing, strong hexes 1
a: Renounce Religion


You were on level 1 of the Lair of Beasts.
You worshipped Vehumet.
Vehumet was pleased with you.
You were not hungry.

You visited 2 branches of the dungeon, and saw 10 of its levels.

You collected 624 gold pieces.

Inventory:

Hand Weapons
 b - a +1 dagger of venom (weapon)
 t - a +0 whip of freezing
Missiles
 d - 1635 stones
 k - 134 poisoned tomahawks (quivered)
Armour
 h - a +1 hat (worn)
 v - a +0 troll leather armour (worn)
Jewellery
 a - an uncursed ring of see invisible
 l - a ring of magical power (left hand)
 n - an uncursed ring of resist corrosion
 q - an uncursed ring of stealth
 s - a ring of protection from magic (right hand)
 x - a +6 ring of strength
 z - the amulet "Xoroc" (around neck) {Inacc SInv}
   (You found it on level 9 of the Dungeon)

   [amulet of inaccuracy]

   It reduces the accuracy of all your attacks.
   It lets you see invisible.
 B - a -3 ring of evasion
Wands
 c - a wand of flame (4)
 o - a wand of random effects (13)
 w - a wand of digging (8)
 A - a wand of polymorph (7)
Scrolls
 e - 5 scrolls of remove curse
 f - 6 scrolls of teleportation
 g - 2 scrolls of amnesia {unknown}
 i - 10 scrolls of identify
 j - 2 scrolls of magic mapping {unknown}
 m - a scroll of immolation {unknown}
 p - 3 scrolls of enchant weapon {unknown}
 r - 2 scrolls of blinking {unknown}
 u - a scroll of fog {unknown}
 y - a scroll of fear {unknown}


   Skills:
 + Level 8.8 Fighting
 + Level 4.1 Dodging
 - Level 2.1 Stealth
 - Level 9.0 Spellcasting
 + Level 7.4 Conjurations
 + Level 7.8 Fire Magic


You had 11 spell levels left.
You knew the following spells:

 Your Spells              Type           Power        Failure   Level  Hunger
a - Flame Tongue          Conj/Fire      ####.        1%          1    N/A
b - Conjure Flame         Conj/Fire      ####....     1%          3    N/A
c - Sticky Flame          Conj/Fire      ####....     1%          4    N/A
d - Fireball              Conj/Fire      ####......   4%          5    N/A
e - Mephitic Cloud        Conj/Pois/Air  ###.....     3%          3    N/A
f - Summon Butterflies    Summ           #.......     12%         1    N/A

Your spell library contained the following spells:

 Spells                   Type           Power        Failure   Level  Hunger
 Throw Frost              Conj/Ice       ###...       1%          2    N/A
 Shock                    Conj/Air       ###....      1%          2    N/A
 Inner Flame              Hex/Fire       N/A          1%          3    N/A
 Sandblast                Erth           #.....       3%          1    N/A
 Flaming Arrows           Chrm/Fire      ###.....     3%          2    N/A
 Lightning Bolt           Conj/Air       ###.....     7%          4    N/A
 Apportation              Tloc           #.....       12%         1    N/A
 Corona                   Hex            ##.....      12%         1    N/A
 Infusion                 Chrm           #.......     12%         1    N/A
 Slow                     Hex            ##......     12%         1    N/A
 Static Discharge         Air            #.....       12%         1    N/A
 Swiftness                Chrm/Air       #.......     19%         2    N/A

Dungeon Overview and Level Annotations

Branches:
Dungeon (9/12)             Temple (0/1) D:7            Lair (1/6) D:7
    Orc: D:8-11

Altars:
Ashenzari
Cheibriados
Gozag
Lugonu
Makhleb
Okawaru
Trog
Vehumet
Wu Jian
Xom

Annotations:
D:6 1 runed door, 2 transporters, Mehrunes's ghost, novice OgFE
D:8 exclusion: cyclops
Lair:1 1 exclusion


Innate Abilities, Weirdness & Mutations

You do not eat or drink.
Your flesh is vulnerable to fire.
You are immune to poison.
You possess an exceptional clarity of mind.
Your flesh is cold resistant. (rC+)
You are immune to negative energy. (rN+++)
You are immune to unholy pain and torment.
You can survive without breathing.
Your hexes are more powerful.


Message History

* * * LOW HITPOINT WARNING * * *
There is an open door here.
Casting: Sticky Flame (safe; 1% risk of failure)
Confirm with . or Enter, or press ? or * to list all spells.
Aiming: Sticky Flame (safe; 1% risk of failure)
Press: ? - help, Shift-Dir - straight line, f - blink frog
Aim: a blink frog The sticky flame hits the blink frog!
The blink frog is moderately wounded.
The blink frog is covered in liquid flames!
The blink frog burns!
The blink frog hits you but does no damage.
The blink frog burns!
The blink frog hits you!
* * * LOW HITPOINT WARNING * * *
The blink frog blinks!
There is an open door here.
You see here a ration {!d}.
There is an open door here.
The blink frog hits you!
You die...

##'###.# #####'###
###......### #.......#
..+......'.# #.......#
#......)#.###.......#
##......#%.##.......##
#.......#.###.......P#
##......#...#.......##
#......###.F.......##
..P #####'##
###@.......# ..# #.#
#.......## ..# ##.#
###'###.# .. ##..#
#....## . ###..##
###..#### #####.#.####
#.......# P#.........#
#.......# .#........##
#.......##
.#.........#
####........#


You could see a blink frog.

Vanquished Creatures
  A hydra (Lair:1)
  Pikel (D:6)
  An ugly thing (D:9)
  A cane toad (Lair:1)
  A komodo dragon (Lair:1)
  3 trolls
  A slime creature (D:7)
  4 blink frogs (Lair:1)
  5 yaks (Lair:1)
  A hungry ghost (D:7)
  A steam dragon (D:7)
  A porcupine (Lair:1)
  A water moccasin (Lair:1)
  4 sky beasts
  A black bear (D:7)
  2 ice beasts
  3 orc warriors
  A phantom (D:7)
  2 wolves (Lair:1)
  4 ogres
  7 bullfrogs
  A gnoll sergeant (D:7)
  2 centaurs
  A jelly (D:7)
  5 scorpions
  4 killer bees
  A wight (D:7)
  2 howler monkeys
  An orc priest (D:7)
  4 crimson imps
  A quasit (D:9)
  6 orc wizards
  A bullfrog skeleton (D:4)
  3 hounds
  2 iguanas
  14 worker ants
  A hound zombie (D:6)
  A hound skeleton (D:6)
  2 worker ant zombies (D:7)
  6 gnolls
  6 adders
  A shadow imp (D:7)
  An ooze (D:7)
  An adder zombie (D:7)
  3 adder skeletons
  3 worms
  2 dart slugs
  4 leopard geckos
  21 orcs
  3 giant cockroaches
  A goblin (D:1)
  4 hobgoblins
  13 jackals
  3 quokkas
  4 ball pythons
  5 bats
  4 frilled lizards
  7 kobolds
  A rat (D:1)
191 creatures vanquished.

Vanquished Creatures (others)
  A slave (D:6)
  A centaur (D:6)
  A scorpion (D:6)
  A bullfrog zombie (D:6)
  An adder (D:6)
  A quokka skeleton (D:6)
  15 fungi
  6 plants (D:7)
27 creatures vanquished.

Grand Total: 218 creatures vanquished

Notes
Turn   | Place    | Note
-------+----------+-------------------------------------------
     0 | D:1      | Mehrunes the Mummy Fire Elementalist began the quest for
                  | the Orb.
     0 | D:1      | Reached XP level 1. HP: 13/13 MP: 4/4
   160 | D:1      | Reached skill level 1 in Conjurations
   167 | D:1      | Reached XP level 2. HP: 14/20 MP: 1/5
   210 | D:1      | Reached skill level 3 in Spellcasting
   318 | D:1      | Reached skill level 1 in Fighting
   917 | D:2      | Reached XP level 3. HP: 26/26 MP: 2/7
  1063 | D:2      | Learned a level 3 spell: Conjure Flame
  1346 | D:2      | Found a glowing golden altar of the Shining One.
  1774 | D:3      | Reached XP level 4. HP: 27/33 MP: 2/9
  2365 | D:2      | Reached XP level 5. HP: 21/38 MP: 4/10
  2473 | D:3      | Learned a level 4 spell: Sticky Flame
  2495 | D:4      | Reached skill level 4 in Spellcasting
  2525 | D:4      | Noticed a sky beast
  2525 | D:4      | Noticed an ogre
  2536 | D:4      | Killed an ogre
  2623 | D:4      | Reached XP level 6. HP: 28/46 MP: 3/12
  3096 | D:4      | Killed a sky beast
  3097 | D:4      | Reached skill level 5 in Spellcasting
  3097 | D:4      | Reached XP level 7. HP: 52/52 MP: 12/14
  3495 | D:4      | Learned a level 5 spell: Fireball
  3496 | D:5      | Entered Level 5 of the Dungeon
  4053 | D:5      | Reached skill level 6 in Spellcasting
  4214 | D:5      | Reached XP level 8. HP: 32/61 MP: 17/17
  4447 | D:5      | Found a bloodstained altar of Trog.
  4833 | D:6      | Noticed Mehrunes's ghost (novice OgFE)
  4955 | D:6      | Noticed Pikel
  4985 | D:6      | Killed Pikel
  4986 | D:6      | Reached skill level 5 in Fighting
  4986 | D:6      | Reached skill level 7 in Spellcasting
  4986 | D:6      | Reached skill level 5 in Fire Magic
  5051 | D:6      | Found a runed door.
  5272 | D:6      | Reached XP level 9. HP: 69/69 MP: 20/20
  5566 | D:6      | Reached skill level 5 in Conjurations
  5624 | D:6      | Found a radiant altar of Vehumet.
  5648 | D:6      | Became a worshipper of Vehumet
  5668 | D:6      | Found a transporter.
  5736 | D:6      | Found a transporter.
  6186 | D:7      | Found a burning altar of Makhleb.
  6308 | D:7      | Found a staircase to the Ecumenical Temple.
  6341 | D:7      | Reached skill level 8 in Spellcasting
  6750 | D:7      | Learned a level 3 spell: Mephitic Cloud
  7597 | D:7      | Reached skill level 9 in Spellcasting
  7599 | D:7      | Reached * piety under Vehumet
  7599 | D:7      | Offered knowledge of Magic Dart by Vehumet.
  7786 | D:7      | Found a staircase to the Lair.
  7866 | D:7      | Reached XP level 10. HP: 67/79 MP: 22/23
  7908 | D:7      | Found an iron altar of Okawaru.
  7986 | D:7      | Found a corrupted altar of Lugonu.
  7991 | D:7      | Found a shimmering altar of Xom.
  8822 | D:8      | Found a snail-covered altar of Cheibriados.
  9070 | D:8      | Noticed a cyclops
  9582 | D:9      | Found an opulent altar of Gozag.
  9587 | D:9      | Found an ornate altar of the Wu Jian Council.
  9768 | D:9      | Noticed a white ugly thing
  9783 | D:9      | Killed a white ugly thing
  9816 | D:9      | Found a shattered altar of Ashenzari.
 10107 | D:9      | Offered knowledge of Throw Frost by Vehumet.
 10305 | D:9      | Reached ** piety under Vehumet
 10394 | D:9      | Found a blossoming altar of Fedhas.
 10402 | D:9      | Got a transparent lead amulet
 10403 | D:9      | Identified the cursed amulet "Xoroc" {Inacc SInv} (You
                  | found it on level 9 of the Dungeon)
 10523 | D:9      | Noticed a great orb of eyes
 10867 | D:7      | Learned a level 1 spell: Summon Butterflies
 10976 | Lair:1   | Entered Level 1 of the Lair of Beasts
 11161 | Lair:1   | Noticed a four-headed hydra
 11296 | Lair:1   | HP: 1/79 [four-headed hydra (14)]
 11457 | Lair:1   | Killed a four-headed hydra
 11557 | Lair:1   | Noticed a cane toad
 11568 | Lair:1   | Killed a cane toad
 11678 | Lair:1   | Reached XP level 11. HP: 63/87 MP: 14/24
 11875 | Lair:1   | HP: 1/87 [blink frog (13)]
 11886 | Lair:1   | Slain by a blink frog

Skill      XL: |  1  2  3  4  5  6  7  8  9 10 11 |
---------------+----------------------------------+-----
Conjurations   | 1 2 3 4 6 7 |  7.4
Spellcasting   | 3 4 5 6 7 9 |  9.0
Fighting       | 1 2 3 4 5 7 8 |  8.8
Fire Magic     | 3 4 5 6 7 |  7.8
Dodging        | 3 4 |  4.1
Stealth        | |  2.1

Action                   |  1- 3 |  4- 6 |  7- 9 | 10-12 || total
-------------------------+-------+-------+-------+-------++-------
Melee: Dagger            |    19 |    20 |    33 |    23 ||    95
Throw: Tomahawk          |       |       |    45 |    11 ||    56
       Stone             |       |       |     3 |       ||     3
 Cast: Flame Tongue      |    66 |    89 |   185 |   103 ||   443
       Sticky Flame      |       |     3 |    42 |    38 ||    83
       Conjure Flame     |       |     2 |     7 |     6 ||    15
       Fireball          |       |       |       |    10 ||    10
  Use: Scroll            |       |       |       |     4 ||     4
 Stab: Sleeping          |       |       |     1 |       ||     1
Armor: Robe              |     6 |    16 |    28 |     2 ||    52
       Troll leather arm |       |       |       |    29 ||    29
Dodge: Dodged            |    19 |    76 |    98 |    88 ||   281
